 Dungeon Crawl Stone Soup version 0.23-a0-756-g517b432 (webtiles) character file.

5490 demenzo the Magician (level 10, -10/79 HPs)
             Began as a Gnoll Skald on Jan 18, 2019.
             Was a Believer of Uskayaw.
             Mangled by a yak (15 damage)
             ... on level 9 of the Dungeon.
             The game lasted 00:44:26 (11877 turns).

demenzo the Magician (Gnoll Skald)                 Turns: 11877, Time: 00:44:27

Health: -10/79     AC:  7    Str: 14    XL:     10   Next: 69%
Magic:  20/30      EV: 16    Int: 19    God:    Uskayaw [**....]
Gold:   681        SH:  0    Dex: 14    Spells: 12/23 levels left

rFire    . . .     SeeInvis .   N - +3 trident (freeze)
rCold    + . .     Gourm    .   (no shield)
rNeg     . . .     Faith    .   A - +2 leather armour {rC+}
rPois    .         Spirit   .   F - +0 helmet
rElec    .         Reflect  .   f - scarf {repulsion}
rCorr    .         Harm     .   (no gloves)
MR       .....                  (no boots)
Stlth    +++.......             (no amulet)
HPRegen  0.23/turn              t - ring of magical power
MPRegen  0.22/turn              (no ring)

@: infused, singing, repel missiles
A: distributed training, fangs 1, strong nose
a: Stomp, Line Pass, Renounce Religion


You were on level 9 of the Dungeon.
You worshipped Uskayaw.
Uskayaw was noncommittal.
You were not hungry.

You visited 1 branch of the dungeon, and saw 9 of its levels.
You also visited: Sewer and Ossuary.

You collected 681 gold pieces.

Inventory:

Hand Weapons
 a - a +5 trident
 b - a +1 hunting sling
 z - a +0 halberd of chopping
 C - the cursed +1 whip of Pain and Death {freeze, *Noise rPois rN+++ MR+}
   (You found it on level 4 of the Dungeon)

   It has been specially enchanted to freeze those struck by it, causing extra
   injury to most foes and up to half again as much damage against particularly
   susceptible opponents.
   It can also slow down cold-blooded creatures.
   It protects you from poison.
   It renders you almost immune to negative energy.
   It affects your resistance to hostile enchantments.
   It may make noises in combat.
   It has a curse placed upon it.
 N - a +3 trident of freezing (weapon)
Missiles
 e - 349 stones (quivered)
 s - 12 poisoned needles
 v - 8 tomahawks
 x - 43 sling bullets
Armour
 f - a scarf of repulsion (worn)
 A - a +2 leather armour of cold resistance (worn)
 F - a +0 helmet (worn)
 G - a +1 leather armour of fire resistance
 J - a +0 plate armour
Jewellery
 t - a ring of magical power (left hand)
Wands
 y - a wand of iceblast (5)
 E - a wand of random effects (10)
 K - a wand of disintegration (3)
Scrolls
 h - 2 scrolls of amnesia
 i - 8 scrolls of remove curse
 o - a scroll of enchant weapon
 p - 10 scrolls of teleportation
 r - 2 scrolls of fear
 w - a scroll of magic mapping
 M - a scroll of identify
 O - a scroll of vulnerability {unknown}
Potions
 c - 3 potions of lignification
 g - 5 potions of curing
 j - 4 potions of degeneration
 k - 3 potions of mutation
 l - 3 potions of heal wounds
 m - 5 potions of flight
 q - 3 potions of haste
 u - 3 potions of brilliance
 B - 4 potions of agility
 D - 2 potions of invisibility
 H - 3 potions of cancellation
 I - 3 potions of might
 L - a potion of resistance
Comestibles
 d - 15 rations
 n - 3 chunks of flesh


   Skills:
 + Level 7.2 Fighting
 + Level 5.4 Short Blades
 + Level 5.4 Long Blades
 + Level 5.4 Axes
 + Level 5.4 Maces & Flails
 + Level 7.2 Polearms
 + Level 5.4 Staves
 + Level 5.4 Slings
 + Level 5.4 Bows
 + Level 5.4 Crossbows
 + Level 5.4 Throwing
 + Level 6.1 Armour
 + Level 7.2 Dodging
 + Level 5.4 Stealth
 + Level 5.4 Shields
 + Level 5.4 Unarmed Combat
 + Level 7.4 Spellcasting
 + Level 4.4 Conjurations
 + Level 4.4 Hexes
 + Level 7.1 Charms
 + Level 4.4 Summonings
 + Level 4.4 Necromancy
 + Level 4.4 Translocations
 + Level 4.4 Transmutations
 + Level 4.4 Fire Magic
 + Level 4.4 Ice Magic
 + Level 4.4 Air Magic
 + Level 4.4 Earth Magic
 + Level 4.4 Poison Magic
 + Level 6.0 Invocations
 + Level 5.4 Evocations


You had 12 spell levels left.
You knew the following spells:

 Your Spells              Type           Power        Failure   Level  Hunger
a - Infusion              Chrm           ####         1%          1    None
b - Shroud of Golubria    Chrm/Tloc      ####......   1%          2    None
c - Song of Slaying       Chrm           ####....     1%          2    None
d - Regeneration          Chrm/Necr      ####......   3%          3    #......
e - Spectral Weapon       Hex/Chrm       ####....     3%          3    #......

Your spell library contained the following spells:

 Spells                   Type           Power        Failure   Level  Hunger


Dungeon Overview and Level Annotations

Branches:
Dungeon (9/15)             Temple (0/1) D:7
   Lair: D:8-11         Orc: D:9-12

Altars:
Cheibriados
Dithmenos
Hepliaklqana
Trog
Uskayaw
Vehumet
Xom
Zin

Annotations:
D:8 2 transporters, brknglss's ghost, novice GnSk
D:9 Joseph


Innate Abilities, Weirdness & Mutations

Your experience applies equally to all skills.
You have very sharp teeth.
Your uncanny sense of smell can sniff out nearby items.


Message History

Aim: Joseph, wielding a +4 quarterstaff and wearing a +0 ring mail (severely wounded)
You could not reach far enough!
The yak misses you. The yak closely misses you.
Evoke which item? (* to show all) (? for menu, Esc to quit)
Attack whom?
Press: ? - help, Dir - move target cursor, f/p - Joseph
Aim: Joseph, wielding a +4 quarterstaff and wearing a +0 ring mail (severely wounded)
You reach to attack!
You hit Joseph! You freeze Joseph.
Joseph is severely wounded.
Your spectral weapon closely misses Joseph.
Joseph unwields a +4 quarterstaff.
Joseph wields a +0 hunting sling.
Joseph shoots a sling bullet.
The sling bullet hits your spectral weapon!
Your spectral weapon fades away.
The yak gores you but does no damage. The yak gores you! x2
* * * LOW HITPOINT WARNING * * *
Your shroud falls apart!
The yak gores you!
* * * LOW HITPOINT WARNING * * *
The yak gores you!
You die...

#.#...# #.#...# #
#.##.##.# #.......# #
########.########## .#
..#....<.###......####.##
#.#.####.......##........
#.#.####.###.#.##YY....#
.......#รท# #.#..@Y.Y...#
.......#.# #.####@Y....#
..#.##.#[# #.# #....$.#
..#......# #.. ?..#####
.##.(.#.## ### ...# .
#..###># #...# .##...#...
#...# ........#.### #...#
.#...##.#.#..


You could see Joseph and 5 yaks.

Vanquished Creatures
  A hornet (D:8)
  A hippogriff (D:7)
  Menkaure (D:4)
  A hungry ghost (D:8)
  4 orc warriors
  4 ice beasts
  3 sky beasts
  2 necrophages (D:8)
  A phantom (D:6)
  6 ogres
  A centaur (D:4)
  A big kobold (D:8)
  A gnoll sergeant (D:9)
  8 bullfrogs
  A wyvern skeleton (D:9)
  4 scorpions
  3 killer bees (D:7)
  3 wights (D:8)
  2 crimson imps
  3 howler monkeys
  A quasit (D:6)
  2 jellies
  A bullfrog zombie (D:6)
  9 orc priests
  5 hounds
  A gnoll shaman (D:6)
  A centaur skeleton (D:7)
  2 bullfrog skeletons
  4 iguanas
  Ijyb (D:3)
  Natasha (twice) (D:4)
  4 orc wizards
  4 worker ants
  A hound zombie (D:8)
  2 hound skeletons
  9 mummies
  A worker ant zombie (D:9)
  Robin (D:3)
  7 adders
  11 gnolls
  2 shadow imps
  6 oozes
  9 worms
  4 dart slugs (D:1)
  4 leopard geckos
  23 orcs
  2 ball pythons
  7 giant cockroaches
  A gnoll zombie (Ossuary)
  26 goblins
  14 hobgoblins
  15 jackals
  11 kobolds
  8 quokkas
  20 bats
  7 frilled lizards
  5 hobgoblin zombies (Ossuary)
  A jackal skeleton (D:5)
  A kobold zombie (Ossuary)
  A leopard gecko skeleton (D:6)
  An orc zombie (Ossuary)
  8 rats
296 creatures vanquished.

Vanquished Creatures (others)
  11 spectral weapons
11 creatures vanquished.

Grand Total: 307 creatures vanquished

Notes
Turn   | Place    | Note
-------+----------+-------------------------------------------
     0 | D:1      | demenzo the Gnoll Skald began the quest for the Orb.
     0 | D:1      | Reached XP level 1. HP: 20/20 MP: 6/6
   229 | D:1      | Reached XP level 2. HP: 22/26 MP: 7/7
   233 | D:1      | Learned a level 2 spell: Shroud of Golubria
   724 | D:1      | Reached XP level 3. HP: 30/31 MP: 5/9
   756 | D:1      | Reached skill level 5 in Spellcasting
   998 | D:1      | Reached skill level 1 in Invocations
  1269 | D:2      | Learned a level 2 spell: Song of Slaying
  1273 | D:2      | Learned a level 3 spell: Regeneration
  1277 | D:2      | Learned a level 3 spell: Spectral Weapon
  1319 | D:2      | Reached skill level 1 in Short Blades
  1319 | D:2      | Reached skill level 1 in Long Blades
  1319 | D:2      | Reached skill level 1 in Axes
  1319 | D:2      | Reached skill level 1 in Maces & Flails
  1319 | D:2      | Reached skill level 1 in Staves
  1319 | D:2      | Reached skill level 1 in Slings
  1319 | D:2      | Reached skill level 1 in Bows
  1319 | D:2      | Reached skill level 1 in Crossbows
  1319 | D:2      | Reached skill level 1 in Throwing
  1319 | D:2      | Reached skill level 1 in Stealth
  1319 | D:2      | Reached skill level 1 in Shields
  1319 | D:2      | Reached skill level 1 in Unarmed Combat
  1319 | D:2      | Reached skill level 1 in Evocations
  1323 | D:2      | Reached XP level 4. HP: 29/38 MP: 4/11
  2190 | D:3      | Noticed Robin
  2192 | D:3      | Reached skill level 1 in Conjurations
  2192 | D:3      | Reached skill level 1 in Hexes
  2192 | D:3      | Reached skill level 1 in Summonings
  2192 | D:3      | Reached skill level 1 in Necromancy
  2192 | D:3      | Reached skill level 1 in Translocations
  2192 | D:3      | Reached skill level 1 in Transmutations
  2192 | D:3      | Reached skill level 1 in Fire Magic
  2192 | D:3      | Reached skill level 1 in Ice Magic
  2192 | D:3      | Reached skill level 1 in Air Magic
  2192 | D:3      | Reached skill level 1 in Earth Magic
  2192 | D:3      | Reached skill level 1 in Poison Magic
  2579 | D:3      | Reached XP level 5. HP: 43/43 MP: 12/12
  3107 | D:3      | Noticed Ijyb
  3114 | D:3      | Killed Ijyb
  3114 | D:3      | Reached XP level 6. HP: 50/50 MP: 8/13
  3815 | D:4      | Reached skill level 5 in Fighting
  3815 | D:4      | Reached skill level 5 in Polearms
  3815 | D:4      | Reached skill level 5 in Dodging
  4015 | D:4      | Noticed Natasha
  4021 | D:4      | Killed Natasha
  4236 | D:4      | Reached XP level 7. HP: 19/56 MP: 6/15
  4243 | D:4      | Got a transparent whip
  4462 | D:4      | Noticed Menkaure
  4511 | D:3      | Killed Robin
  4561 | D:4      | Killed Menkaure
  4670 | D:4      | Noticed Natasha
  4679 | D:4      | Killed Natasha
  4857 | D:5      | Entered Level 5 of the Dungeon
  5216 | D:5      | Reached XP level 8. HP: 63/63 MP: 7/16
  5233 | D:5      | Found a hazy altar of Hepliaklqana.
  5235 | D:5      | Found a hide-covered altar of Uskayaw.
  5521 | D:5      | Became a worshipper of Uskayaw the Reveler
  5528 | D:5      | Reached * piety under Uskayaw
  5543 | D:5      | Reached ** piety under Uskayaw
  5823 | D:6      | Identified the cursed +1 whip of Pain and Death {freeze,
                  | *Noise rPois rN+++ MR+} (You found it on level 4 of the
                  | Dungeon)
  6019 | D:6      | Found a glowing drain.
  6050 | Sewer    | Entered a sewer
  6593 | Sewer    | Reached *** piety under Uskayaw
  6882 | D:6      | Reached XP level 9. HP: 60/69 MP: 18/18
  7614 | D:6      | Found a shadowy altar of Dithmenos.
  7631 | D:6      | Reached **** piety under Uskayaw
  7636 | D:6      | Reached ***** piety under Uskayaw
  7640 | D:6      | Reached skill level 5 in Armour
  7966 | D:6      | Noticed an angel
  7967 | D:6      | Found a glowing silver altar of Zin.
  8024 | D:7      | Found a sand-covered staircase.
  8082 | Ossuary  | Entered an ossuary
  8436 | D:7      | Found a shimmering altar of Xom.
  8461 | D:7      | Found a staircase to the Ecumenical Temple.
  8637 | D:7      | Found a shimmering altar of Xom.
  8640 | D:7      | Found a shimmering altar of Xom.
  8641 | D:7      | Found a shimmering altar of Xom.
  8641 | D:7      | Found a shimmering altar of Xom.
  9214 | D:7      | Found a shimmering altar of Xom.
  9220 | D:7      | Found a shimmering altar of Xom.
  9268 | D:7      | Reached skill level 5 in Invocations
  9945 | D:8      | Reached XP level 10. HP: 51/77 MP: 13/20
 10319 | D:8      | Reached skill level 5 in Short Blades
 10319 | D:8      | Reached skill level 5 in Long Blades
 10319 | D:8      | Reached skill level 5 in Axes
 10319 | D:8      | Reached skill level 5 in Maces & Flails
 10319 | D:8      | Reached skill level 5 in Staves
 10319 | D:8      | Reached skill level 5 in Slings
 10319 | D:8      | Reached skill level 5 in Bows
 10319 | D:8      | Reached skill level 5 in Crossbows
 10319 | D:8      | Reached skill level 5 in Throwing
 10319 | D:8      | Reached skill level 5 in Stealth
 10319 | D:8      | Reached skill level 5 in Shields
 10319 | D:8      | Reached skill level 5 in Unarmed Combat
 10319 | D:8      | Reached skill level 5 in Evocations
 10661 | D:8      | Found a transporter.
 10668 | D:8      | Noticed brknglss's ghost (novice GnSk)
 11113 | D:8      | Found a radiant altar of Vehumet.
 11161 | D:8      | Found a transporter.
 11492 | D:9      | Found a bloodstained altar of Trog.
 11523 | D:9      | Found a snail-covered altar of Cheibriados.
 11859 | D:9      | Noticed Joseph
 11877 | D:9      | Mangled by a yak

Vault maps used:
D:1:      dpeg_arrival_boxes_within_box, minmay_tromino_v4_a
D:3:      corexii_hall_statues_l, chequers_arboretum, minmay_goblin_outpost,
          uniq_robin, uniq_ijyb
D:4:      first_ration, uniq_natasha, uniq_menkaure
D:5:      chequers_temple_overflow_statue_of_worship
D:6:      minmay_razor_zed, nicolae_dithmenos_shadow_blocks, zin_angel,
          cheibrodos_sewer_entry_bend
D:7:      minmay_temple_entry_overgrown, nicolae_ossuary_entry_monument,
          xom_redecorated
D:8:      nicolae_overflow_hidden_temple, gammafunk_ghost_stat_death
D:9:      slow_altar_1, lemuel_doored_altar, bloody_trog, uniq_grum, uniq_joseph
Sewer:    sewer_fruit_machine
Ossuary:  ossuary_tomb_3

Skill      XL: |  1  2  3  4  5  6  7  8  9 10 |
---------------+-------------------------------+-----
Spellcasting   | 5 6 7 |  7.4
Invocations    | 1 2 3 4 5 6 |  6.0
Short Blades   | 1 2 3 4 5 |  5.4
Long Blades    | 1 2 3 4 5 |  5.4
Axes           | 1 2 3 4 5 |  5.4
Maces & Flails | 1 2 3 4 5 |  5.4
Staves         | 1 2 3 4 5 |  5.4
Slings         | 1 2 3 4 5 |  5.4
Bows           | 1 2 3 4 5 |  5.4
Crossbows      | 1 2 3 4 5 |  5.4
Throwing       | 1 2 3 4 5 |  5.4
Stealth        | 1 2 3 4 5 |  5.4
Shields        | 1 2 3 4 5 |  5.4
Unarmed Combat | 1 2 3 4 5 |  5.4
Evocations     | 1 2 3 4 5 |  5.4
Conjurations   | 1 2 3 4 |  4.4
Hexes          | 1 2 3 4 |  4.4
Summonings     | 1 2 3 4 |  4.4
Necromancy     | 1 2 3 4 |  4.4
Translocations | 1 2 3 4 |  4.4
Transmutations | 1 2 3 4 |  4.4
Fire Magic     | 1 2 3 4 |  4.4
Ice Magic      | 1 2 3 4 |  4.4
Air Magic      | 1 2 3 4 |  4.4
Earth Magic    | 1 2 3 4 |  4.4
Poison Magic   | 1 2 3 4 |  4.4
Armour         | 3 4 5 6 |  6.1
Fighting       | 5 6 7 |  7.2
Polearms       | 5 6 7 |  7.2
Dodging        | 5 6 7 |  7.2
Charms         | 6 7 |  7.1

Action                   |  1- 3 |  4- 6 |  7- 9 | 10-12 || total
-------------------------+-------+-------+-------+-------++-------
Melee: Spear             |    78 |   243 |   176 |       ||   497
       Bite              |     5 |    22 |    47 |    17 ||    91
       Trident           |       |       |   290 |   184 ||   474
       Punch             |       |       |     3 |     6 ||     9
 Fire: Hunting sling     |       |    10 |     2 |     3 ||    15
Throw: Stone             |       |       |     1 |       ||     1
 Cast: Infusion          |     4 |    10 |    16 |     4 ||    34
       Spectral Weapon   |     1 |     9 |    38 |    13 ||    61
       Shroud of Golubri |       |     3 |     5 |     2 ||    10
       Song of Slaying   |       |     1 |    10 |     6 ||    17
       Regeneration      |       |       |     2 |     3 ||     5
Evoke: Wand              |       |       |     3 |     2 ||     5
  Use: Scroll            |     1 |       |    17 |     4 ||    22
       Potion            |       |     1 |     1 |       ||     2
 Stab: Sleeping          |     2 |     1 |     8 |     4 ||    15
       Distracted        |     1 |     2 |     6 |     1 ||    10
       Paralysed         |       |       |     9 |     8 ||    17
  Eat: Chunk             |     1 |    10 |    15 |     4 ||    30
       Ration            |       |       |     2 |     1 ||     3
Armor: Leather armour    |    11 |    21 |    77 |    28 ||   137
       Ring mail         |       |    14 |       |       ||    14
Dodge: Dodged            |    27 |   124 |   269 |    96 ||   516
       Deflected         |       |     6 |     2 |     7 ||    15

Table legend:
 A = Non-vault XP
 B = Vault XP
 C = Vault XP percentage of total XP
 D = Non-vault monster count
 E = Vault monster count
 F = Vault count percentage of total count
                 A         B        C        D         E       F
            +---------+---------+-------+---------+---------+-------
      Total |    6743 |    1100 |  14.0 |     217 |      79 |  26.7
            +---------+---------+-------+---------+---------+-------
        D:1 |      48 |      11 |  18.6 |      20 |       3 |  13.0
        D:2 |      73 |      10 |  12.0 |      32 |       5 |  13.5
        D:3 |     139 |      81 |  36.8 |      30 |      18 |  37.5
        D:4 |     539 |     219 |  28.9 |      21 |       2 |   8.7
        D:5 |     802 |       0 |   0.0 |      15 |       0 |   0.0
        D:6 |     791 |     528 |  40.0 |      23 |       9 |  28.1
        D:7 |    1103 |       0 |   0.0 |      17 |       0 |   0.0
        D:8 |    2081 |       0 |   0.0 |      35 |       0 |   0.0
        D:9 |    1167 |      18 |   1.5 |      24 |       1 |   4.0
      Sewer |       0 |      77 | 100.0 |       0 |      25 | 100.0
    Ossuary |       0 |     156 | 100.0 |       0 |      16 | 100.0
            +---------+---------+-------+---------+---------+-------
